 Dungeon Crawl Stone Soup version 0.29-a0-557-g43b9904bd1 (webtiles) character file.

Game seed: 4090526506167238122

50 ptdevnull the Grave Robber (level 3, -1/35 HPs)
             Began as an Ogre Necromancer on June 8, 2022.
             Slain by Grinder (4 damage)
             ... on level 3 of the Dungeon.
             The game lasted 00:05:26 (2228 turns).

ptdevnull the Grave Robber (Ogre Necromancer)       Turns: 2228, Time: 00:05:27

Health: -1/35      AC:  3    Str: 12    XL:     3   Next: 79%
Magic:  7/7        EV:  9    Int: 24    God:
Gold:   80         SH:  0    Dex:  9    Spells: 4/8 levels left

rFire   . . .      SeeInvis .   c - +0 mace
rCold   . . .      Faith    .   (no shield)
rNeg    . . .      Spirit   .   a - +0 robe
rPois   .          Reflect  .   (helmet restricted)
rElec   .          Harm     .   (no cloak)
rCorr   .          Rampage  .   (gloves unavailable)
Will    .....                   (boots unavailable)
Stlth   +.........              (no amulet)
HPRegen 0.11/turn               d - +6 ring of intelligence
MPRegen 0.10/turn               (no ring)

@: no status effects
A: large, unfitting armour, tough skin 1
a: no special abilities


You were on level 3 of the Dungeon.
You visited 1 branch of the dungeon, and saw 3 of its levels.

You collected 80 gold pieces.

Inventory:

Hand Weapons
 c - a +0 mace (weapon)
Armour
 a - a +0 robe (worn)
Jewellery
 d - a +6 ring of intelligence (left hand)
Scrolls
 f - 4 scrolls of identify {unknown}
 h - 2 scrolls of teleportation {unknown}
 i - a scroll of vulnerability {unknown}
 j - a scroll of acquirement {unknown}
 k - 2 scrolls of fear {unknown}
 m - a scroll of blinking {unknown}
 q - 2 scrolls of enchant weapon {unknown}
 s - a scroll of enchant armour {unknown}
Potions
 b - a potion of magic
 e - a potion of resistance {unknown}
 l - 2 potions of mutation {unknown}
 n - a potion of might {unknown}
 o - a potion of brilliance {unknown}
 p - a potion of attraction {unknown}
 r - a potion of lignification {unknown}


   Skills:
 + Level 1.9 Fighting
 - Level 1.7 Dodging
 - Level 1.4 Stealth
 + Level 3.0 Spellcasting
 * Level 4.3 Necromancy


You had 4 spell levels left.
You knew the following spells:

 Your Spells              Type           Power      Damage    Failure   Level
a - Necrotize             Necr           96%        1d8       1%          1
b - Vampiric Draining     Necr           24%        2d7       5%          3

Your spell library contained the following spells:

 Spells                   Type           Power      Damage    Failure   Level
 Animate Dead             Necr           24%        N/A       19%         4
 Ignite Poison            Fire/Tmut/Pois 3%         N/A       32%         3
 Mephitic Cloud           Conj/Pois/Air  3%         N/A       32%         3
 Agony                    Necr           24%        N/A       45%         5
 Freezing Cloud           Conj/Ice/Air   1%         6-21      96%         5


Dungeon Overview and Level Annotations

Branches:
Dungeon (3/15)

Altars:

Annotations:
D:2 1 runed translucent door, Crazy Yiuf
D:3 Grinder


Innate Abilities, Weirdness & Mutations

You are too large for most types of armour.
You have tough skin. (AC +1)


Message History

You barely miss Grinder. Grinder gestures at you.
You suddenly lose the ability to move!
Grinder hits you but does no damage.
Grinder blinks!
You can move again.
g - a silver javelin You see here a silver javelin.
g - 2 silver javelins (gained 1) Grinder zaps a wand.
The puff of flame hits you!
The now-empty wand crumbles to dust.
Throw: 2 javelins (silver)
Press: ? - help, Q - select action, (/) - cycle Shift-Dir - straight line, f/p - Grinder
Aim: Grinder (47% to hit, chaotic)
You throw a silver javelin.
The silver javelin pierces through Grinder.
The silver sears Grinder!
Grinder is lightly wounded.
Throw: javelin (silver)
Press: ? - help, Q - select action, (/) - cycle Shift-Dir - straight line, f/p - Grinder
Aim: Grinder (lightly wounded, 47% to hit, chaotic)
You throw a silver javelin.
The silver javelin barely misses Grinder.
Grinder blinks!
Grinder blinks!
You hit Grinder.
Grinder is lightly wounded.
Grinder says, "DUCK!"
Grinder barely misses you. Grinder gestures at you.
Pain shoots through your body!
* * * LOW HITPOINT WARNING * * *
You hit Grinder.
Grinder is moderately wounded.
Grinder barely misses you.
Unknown command.
You hit Grinder.
Grinder is moderately wounded.
Grinder hits you.
You die...

### #(.
###.##########
#......5.....#
#.#.########.# #
#5#......#.####.#
#@#.####.#.#...
#.#........#.###
#.######.......#
#.#
########.#....
..# #......#.# ##
### #.####.#.#
#.#..<.#Z#
#.#.#..#.# #.#
##.#.#


You could see Grinder.

Vanquished Creatures
  An adder (D:2)
  2 bats (D:1)
  5 endoplasms
  4 giant cockroaches (D:1)
  3 goblins
  5 hobgoblins
  3 quokkas
  4 ball pythons
  3 frilled lizards
  3 kobolds
  4 rats (D:1)
37 creatures vanquished.

Vanquished Creatures (collateral kills)
  An endoplasm (D:1)
1 creature vanquished.

Grand Total: 38 creatures vanquished

Notes
Turn   | Place    | Note
-------+----------+-------------------------------------------
     0 | D:1      | ptdevnull the Ogre Necromancer began the quest for the Orb.
     0 | D:1      | Reached XP level 1. HP: 16/16 MP: 3/3
    52 | D:1      | Found a faded altar of an unknown god.
   178 | D:1      | Reached XP level 2. HP: 26/26 MP: 0/5
   251 | D:1      | Reached skill level 1 in Fighting
   567 | D:1      | Reached skill level 4 in Necromancy
   793 | D:1      | Reached XP level 3. HP: 33/33 MP: 5/7
  1719 | D:2      | Found a runed translucent door.
  1720 | D:2      | Noticed Crazy Yiuf
  2156 | D:3      | Learned a level 3 spell: Vampiric Draining
  2189 | D:3      | Noticed Grinder
  2213 | D:3      | Paralysed by Grinder for 4 turns
  2228 | D:3      | Slain by Grinder

Illustrated notes

Levels and vault maps discovered:
D:1:      eino_arrival_tree_alley, layout_loops_ring,
          chequers_ecumenical_altar_simple
D:2:      layout_loops_corners, kennysheep_generic_room_14,
          uniq_crazy_yiuf_cottage
D:3:      layout_basic, uniq_grinder

Skill      XL: |  1  2  3 |
---------------+----------+-----
Fighting       | 1 |  1.9
Necromancy     | 4 |  4.3
Spellcasting   | 3 |  3.0
Dodging        | |  1.7
Stealth        | |  1.4

Action                   || total
-------------------------++-------
Melee: Mace              ||    13
Throw: Javelin           ||     4
 Cast: Necrotize         ||    67
Armor: Robe              ||     6
Dodge: Dodged            ||    13

Table legend: (Time is in decaauts)
 A = Elapsed time spent in this place.
 B = Non-inter-level travel time spent in this place.
 C = Inter-level travel time spent in this place.
 D = Time resting spent in this place.
 E = Time spent auto-exploring this place.
 F = Levels seen in this place.
 G = Mean time per level.
                   A        B        C        D        E       F      G
               +--------+--------+--------+--------+--------+-----+--------+
         Total |   2233 |   2168 |     65 |    137 |   1762 |   3 |  744.3 |
       Dungeon |   2233 |   2168 |     65 |    137 |   1762 |   3 |  744.3 |
               +--------+--------+--------+--------+--------+-----+--------+

Top non-repeatable levels by time:
     D:1: 1170 daAuts
     D:2: 965 daAuts
     D:3: 97 daAuts
